 Dungeon Crawl Stone Soup version 0.22-a0-388-g09e6169 (webtiles) character file.

50 sankara the Grave Robber (level 3, -5/25 (26) HPs)
             Began as a Ghoul Necromancer on Apr 29, 2018.
             Was an Initiate of Ru.
             Slain by a sky beast (6 damage)
             ... on level 5 of the Dungeon.
             The game lasted 00:10:45 (2428 turns).

sankara the Grave Robber (Ghoul Necromancer)        Turns: 2428, Time: 00:10:46

HP:   -5/25 (26)    AC:  3    Str: 11    XL:     3   Next: 79%
MP:   0/4           EV: 12    Int: 11    God:    Ru [......]
Gold: 39            SH:  0    Dex:  9    Spells: 3/5 levels left

rFire    . . .     SeeInvis .   a - +0 mace
rCold    + . .     Gourm    .   (no shield)
rNeg     + + +     Faith    .   e - +0 robe
rPois    ∞         Spirit   .   m - +0 helmet
rElec    .         Reflect  .   (no cloak)
rCorr    .         Harm     .   (no gloves)
MR       .....                  (no boots)
Stlth    ++........             (no amulet)
HPRegen  0.00/turn              (no ring)
MPRegen  0.09/turn              (no ring)

@: rotting
A: rotting body, claws 1, carnivore, cold resistance 1, negative energy
resistance 3, inhibited regeneration, torment resistance, unbreathing
a: Renounce Religion


You were on level 5 of the Dungeon.
You worshipped Ru.
Ru was noncommittal.
You were not hungry.

You visited 1 branch of the dungeon, and saw 5 of its levels.

You collected 88 gold pieces.
You spent 49 gold pieces at shops.

Inventory:

Hand Weapons
 a - a +0 mace (weapon)
   (You found it on level 1 of the Dungeon)
 b - a +0 hunting sling
   (You found it on level 3 of the Dungeon)
Missiles
 d - 37 stones (quivered)
Armour
 e - a +0 robe (worn)
 m - a +0 helmet (worn)
   (You found it on level 3 of the Dungeon)
Scrolls
 k - a scroll of identify
Potions
 f - a potion of lignification {unknown}
 l - a potion of might {unknown}
 n - 2 potions of heal wounds
 o - a potion of curing {unknown}
 p - a potion of flight {unknown}
Comestibles
 c - 3 rations


   Skills:
 - Level 1.7 Dodging
 + Level 3.6 Stealth
 - Level 1.7 Spellcasting
 + Level 4.7 Necromancy


You had 3 spell levels left.
You knew the following spells:

 Your Spells              Type           Power        Failure   Level  Hunger
a - Pain                  Necr           ##..         4%          1    ##.....
c - Animate Skeleton      Necr           N/A          4%          1    ##.....


Dungeon Overview and Level Annotations

Branches:
Dungeon (5/15)
 Temple: D:4-7

Altars:
Ashenzari
Cheibriados
Dithmenos
Fedhas
Ru
The Shining One

Shops:
D:5 ?

Annotations:
D:2 1 runed door
D:4 exclusion: ogre
D:5 exclusion: Duvessa, Duvessa


Innate Abilities, Weirdness & Mutations

Your body is rotting away.
You thrive on raw meat.
You are immune to poison.
You have sharp fingernails.
You are carnivorous and can eat meat at any time.
Your flesh is cold resistant. (rC+)
You are immune to negative energy. (rN+++)
You do not regenerate when monsters are visible.
You are immune to unholy pain and torment.
You can survive without breathing.


Message History

d - 37 stones (gained 1) Marking area around Duvessa as unsafe for travelling.
Duvessa, Sister of Dowan comes into view.
She is wielding a short sword.
You open the door.
There is an open door here.
Found a stone staircase leading up.
g - a scroll labeled LILARE XIOK
There is a stone staircase leading up here.
You climb upwards.
Level annotation: exclusion: ogre
There is a stone staircase leading down here.
As you read the scroll labeled LILARE XIOK, it crumbles to dust.
You feel aware of your surroundings.
It was a scroll of magic mapping.
c - 3 rations (gained 1)
There is a stone staircase leading down here.
You climb downwards.
Level annotation: exclusion: Duvessa, Duvessa
There is a stone staircase leading up here.
Found Gefux's Magic Scroll Shop.
Okay, then.
There is an entrance to Gefux's Magic Scroll Shop here.
g - a scroll of magic mapping {!r} Thank you for shopping at Gefux's Magic Scroll Shop!
You can access your shopping list by pressing '$'.
Really read
g - a scroll of magic mapping {!r}?
As you read the scroll of magic mapping {!r}, it crumbles to dust.
You feel aware of your surroundings.
You sensed 2 altars, and 1 shop/portal.
You can access your shopping list by pressing '$'.
You can access your shopping list by pressing '$'.
You open the door.
Found a shattered altar of Ashenzari.
There is an open door here.
There is a shattered altar of Ashenzari here.
There is an open door here.
Found a sacrificial altar of Ru.
There is a sacrificial altar of Ru here.
You kneel at the altar of Ru.
Ru welcomes you!
A sky beast comes into view.
The sky beast moves out of view.
(D) Dungeon
Where to? (Enter - D:5 @ (x,y), ? - help)
The sky beast is too close now for your liking.
Cast which spell? (? or * to list)
Aiming: Pain (safe; 4% risk of failure)
Press: ? - help, Shift-Dir - straight line, f - sky beast
Aim: a sky beast (chance to defeat MR: 66%)
The sky beast writhes in agony!
Casting: Pain (safe; 4% risk of failure)
Confirm with . or Enter, or press ? or * to list all spells.
Aiming: Pain (safe; 4% risk of failure)
Press: ? - help, Shift-Dir - straight line, f/p - sky beast
Aim: a sky beast (lightly wounded, chance to defeat MR: 66%)
The sky beast struggles to resist.
The sky beast flickers out of sight!
Deactivating autopickup; reactivate with Ctrl-A.
A sky beast appears from thin air!
Reactivating autopickup.
Casting: Pain (safe; 4% risk of failure)
Confirm with . or Enter, or press ? or * to list all spells.
Aiming: Pain (safe; 4% risk of failure)
Press: ? - help, Shift-Dir - straight line, f/p - sky beast
Aim: a sky beast (lightly wounded, chance to defeat MR: 66%)
The sky beast writhes in agony!
Casting: Pain (safe; 4% risk of failure)
Confirm with . or Enter, or press ? or * to list all spells.
Aiming: Pain (safe; 4% risk of failure)
Press: ? - help, Shift-Dir - straight line, f/p - sky beast
Aim: a sky beast (moderately wounded, chance to defeat MR: 66%)
The sky beast writhes in agony!
The sky beast misses you.
a - a +0 mace (weapon)
You hit the sky beast but do no damage.
The sky beast is moderately wounded.
The sky beast hits you. The sky beast shocks you.
The sky beast hits you but does no damage.
You miss the sky beast.
The sky beast is moderately wounded.
The sky beast hits you. The sky beast shocks you.
Casting: Pain (safe; 4% risk of failure)
Confirm with . or Enter, or press ? or * to list all spells.
Aiming: Pain (safe; 4% risk of failure)
Press: ? - help, Shift-Dir - straight line, f/p - sky beast
Aim: a sky beast (moderately wounded, chance to defeat MR: 66%)
The sky beast writhes in agony!
The sky beast barely misses you.
The sky beast flickers out of sight!
Deactivating autopickup; reactivate with Ctrl-A.
A sky beast appears from thin air!
Reactivating autopickup.
You closely miss the sky beast.
The sky beast is heavily wounded.
The sky beast hits you. The sky beast shocks you.
* * * LOW HITPOINT WARNING * * *
Casting: Pain (safe; 4% risk of failure)
Confirm with . or Enter, or press ? or * to list all spells.
Aiming: Pain (safe; 4% risk of failure)
Press: ? - help, Shift-Dir - straight line, f/p - sky beast
Aim: a sky beast (heavily wounded, chance to defeat MR: 66%)
The sky beast struggles to resist.
The sky beast hits you.
* * * LOW HITPOINT WARNING * * *
The sky beast shocks you.
You die...

..<.#*##...........#
...## #...##...##..#
...# #.......###..#
.#.## #.####..# #..#
##..# #.# ##.## #.##
###.###.# #..# ##.#
###.##..# #..# #..#
.##..#(.###.####..#
.###....##..# #.@##
..##..#.##..###.Y#
.####.#.##..##..##
............##..#
.####.∩.##.##..## .#
#....##.##_.# e#
#..#.#..#...#
,**#..#.#.##...#
**#.......##...#


You could see a sky beast.

Vanquished Creatures
  An adder (D:4)
  An adder zombie (D:5)
  A worm (D:2)
  A dart slug (D:2)
  6 orcs
  2 bats
  A giant cockroach (D:4)
  4 hobgoblins
  A jackal (D:4)
  A kobold (D:3)
  A quokka (D:2)
  2 frilled lizards (D:2)
  4 rats
26 creatures vanquished.

Notes
Turn   | Place    | Note
-------+----------+-------------------------------------------
     0 | D:1      | sankara the Ghoul Necromancer began the quest for the Orb.
     0 | D:1      | Reached XP level 1. HP: 14/14 MP: 2/2
   158 | D:1      | Learned a level 1 spell: Animate Skeleton
   241 | D:1      | Reached XP level 2. HP: 12/20 MP: 1/3
   727 | D:2      | Found a runed door.
   787 | D:2      | HP: 3/20 [quokka (4)]
   789 | D:2      | Reached skill level 3 in Stealth
  1174 | D:3      | Found a glowing golden altar of the Shining One.
  1176 | D:3      | Found a snail-covered altar of Cheibriados.
  1472 | D:3      | Found a blossoming altar of Fedhas.
  1478 | D:3      | Found a shadowy altar of Dithmenos.
  1481 | D:3      | Noticed an ogre
  1519 | D:2      | Reached XP level 3. HP: 19/21 MP: 2/4
  1653 | D:4      | Noticed an ogre
  1942 | D:4      | Noticed a scorpion
  1979 | D:5      | Entered Level 5 of the Dungeon
  2304 | D:5      | Noticed Duvessa
  2348 | D:5      | Found Gefux's Magic Scroll Shop.
  2356 | D:5      | Bought a scroll of magic mapping for 49 gold pieces
  2373 | D:5      | Found a shattered altar of Ashenzari.
  2387 | D:5      | Found a sacrificial altar of Ru.
  2395 | D:5      | Became a worshipper of Ru the Awakened
  2403 | D:5      | Noticed a sky beast
  2426 | D:5      | HP: 5/25 [sky beast (5)]
  2428 | D:5      | HP: 1/25 [sky beast (4)]
  2428 | D:5      | Slain by a sky beast

Vault maps used:
D:1:      dpeg_arrival_leaves_temple_mockup
D:2:      chequers_ecumenical_altar_grove, fedhas_altar_4,
          uniq_crazy_yiuf_cottage, uniq_terence
D:3:      grunt_temple_overflow_open, minivault_24
D:4:      first_ration, uniq_ijyb
D:5:      lemuel_doored_altar, overflow_temple_1_default, serial_shops, shop,
          nicolae_shop_stone, uniq_duvessa

Skill      XL: |  1  2 |
---------------+-------+-----
Stealth        | 3 |  3.6
Dodging        | |  1.7
Spellcasting   | |  1.7
Necromancy     | |  4.7

Action                   || total
-------------------------++-------
Melee: Mace              ||    45
 Fire: Hunting sling     ||    57
 Cast: Pain              ||    46
       Animate Skeleton  ||     5
  Use: Scroll            ||     7
  Eat: Chunk             ||     7
Armor: Robe              ||    18
Dodge: Dodged            ||    58

Table legend:
 A = Spawn XP
 B = Non-spawn XP
 C = Spawn XP percentage of total XP
 D = Spawn monster count
 E = Non-spawn monster count
 F = Spawn count percentage of total count
 G = Total turns spent on level
                    A         B        C        D         E        F      G
               +---------+---------+-------+---------+---------+-------+---------
         Total |       0 |      72 |   0.0 |       0 |      26 |   0.0 |  2428
               +---------+---------+-------+---------+---------+-------+---------
           D:1 |       0 |      12 |   0.0 |       0 |       6 |   0.0 |   533
           D:2 |       0 |      24 |   0.0 |       0 |      10 |   0.0 |   824
           D:3 |       0 |       6 |   0.0 |       0 |       4 |   0.0 |   288
           D:4 |       0 |      24 |   0.0 |       0 |       5 |   0.0 |   342
           D:5 |       0 |       6 |   0.0 |       0 |       1 |   0.0 |   441
               +---------+---------+-------+---------+---------+-------+---------

Vault maps used:
D:1:      dpeg_arrival_leaves_temple_mockup
D:2:      chequers_ecumenical_altar_grove, fedhas_altar_4,
          uniq_crazy_yiuf_cottage, uniq_terence
D:3:      grunt_temple_overflow_open, minivault_24
D:4:      first_ration, uniq_ijyb
D:5:      lemuel_doored_altar, overflow_temple_1_default, serial_shops, shop,
          nicolae_shop_stone, uniq_duvessa

Table legend:
 A = Turns spent in this place as a percentage of turns spent in the entire game.
 B = Non-inter-level travel turns spent in this place as a percentage of non-inter-level travel turns spent in the entire game.
 C = Inter-level travel turns spent in this place as a percentage of turns spent in this place.
 D = Turns resting spent in this place as a percentage of non-inter-level travel turns spent in this place.
 E = Turns spent auto-exploring this place as a percentage of non-inter-level travel turns spent in this place.
 F = Non-inter-level travel turns spent in this place divided by the number of levels of this place that you've seen.
                   A       B       C       D       E      F
               +-------+-------+-------+-------+-------+----------------------
         Total | 100.0 | 100.0 |   1.9 |  58.7 |  15.4 | 476.4
       Dungeon | 100.0 | 100.0 |   1.9 |  58.7 |  15.4 | 476.4
               +-------+-------+-------+-------+-------+----------------------

Table legend:
 A = Kills in this place as a percentage of kills in entire the game.
 B = Kills by you in this place as a percentage of kills by you in the entire game.
 C = Kills by friends in this place as a percentage of kills by friends in the entire game.
 D = Other kills in this place as a percentage of other kills in the entire game.
 E = Experience gained in this place as a percentage of experience gained in the entire game.
 F = Experience gained in this place divided by the number of levels of this place that you have seen.
                   A       B       C       D       E      F
               +-------+-------+-------+-------+-------+----------------------
         Total | 100.0 | 100.0 |   N/A |   N/A | 100.0 |  14.4
       Dungeon | 100.0 | 100.0 |   N/A |   N/A | 100.0 |  14.4
               +-------+-------+-------+-------+-------+----------------------
